3AAA
ATHLETIC CLUB KC RESERVES @ SIOUX FALLS RED PANDAS
07/29/2038
 
TOP OF THE 1ST
Athletic Club KC Reserves batting - Pitching for Sioux Falls Red Pandas : RHP Danny Bystrom
Pitching: RHP Danny Bystrom
Batting: LHB Ty Tomblin 0-0: Ball
1-0: Ball
2-0: Foul Ball, location: 2F
2-1: Ball
3-1: Base on Balls
Batting: RHB Andrés Medina 0-0: Ball
1-0: Foul Ball, location: 2F
1-1: Swinging Strike
1-2: Strikes out looking
Batting: LHB Scott Janousek 0-0: Ball
Wild Pitch!
Ty Tomblin to second
1-0: Foul Ball, location: 2F
1-1: Swinging Strike
Balk!
Ty Tomblin to third
1-2: Fly out, F2 (Popup, 25F, EV 83.1 MPH)
Batting: LHB Jason Ward 0-0: Ball
1-0: Ball
2-0: Foul Ball, location: 2F
2-1: Ball
3-1: Swinging Strike
3-2: Foul Ball, location: 2F
3-2: Strikes out swinging
Top of the 1st over - 0 runs, 0 hits, 0 errors, 1 left on base; Athletic Club KC 0 - Sioux Falls 0
BOTTOM OF THE 1ST
Sioux Falls Red Pandas batting - Pitching for Athletic Club KC Reserves : RHP Bob Sosa
Pitching: RHP Bob Sosa
Batting: SHB Javier Vázquez 0-0: Ball
1-0: Ball
2-0: Called Strike
2-1: Ball
3-1: Foul Ball, location: 2F
3-2: Foul Ball, location: 2F
3-2: SINGLE (Line Drive, 89S, EV 111.9 MPH)
Batting: LHB Ramón Morterero 0-0: Ball
1-0: Foul Ball, location: 2F
1-1: Swinging Strike
1-2: Strikes out looking
Batting: RHB Bryant Dixon 0-0: Ball
1-0: Ball
Javier Vázquez steals 2nd base
2-0: Ball
3-0: Called Strike
3-1: Called Strike
3-2: Base on Balls
Batting: LHB Preston Witt 0-0: Called Strike
0-1: Ball
1-1: Foul Ball, location: 2F
1-2: Foul Ball, location: 2F
1-2: Ball
2-2: Foul Ball, location: 2F
2-2: SINGLE (Line Drive, 78S, EV 103.1 MPH)
Javier Vázquez to third
Bryant Dixon to second
Runner from 3rd tries for Home, SAFE, throw by LF to home
Batting: RHB Tsukasa Sekine 0-0: Called Strike
0-1: Ball
1-1: Foul Ball, location: 2F
1-2: Fly out, F9 (Flyball, 9D, EV 98.8 MPH)
Runner from 2nd tags up, SAFE at 3rd, no throw by RF
Batting: LHB António González 0-0: Ball
1-0: Called Strike
1-1: Swinging Strike
1-2: Ball
2-2: Strikes out swinging
Bottom of the 1st over - 1 run, 2 hits, 0 errors, 2 left on base; Athletic Club KC 0 - Sioux Falls 1
TOP OF THE 2ND
Athletic Club KC Reserves batting - Pitching for Sioux Falls Red Pandas : RHP Danny Bystrom
Batting: LHB Kwang-chih Feng 0-0: Called Strike
0-1: Fly out, F6 (Line Drive, 6, EV 62.5 MPH)
Batting: RHB Travis Murphy 0-0: Ball
1-0: SINGLE (Flyball, 8LS, EV 85.6 MPH)
Batting: RHB Quinn Albracht 0-0: Called Strike
0-1: Ball
1-1: SINGLE (Groundball, 6MD, EV 108.1 MPH)
Travis Murphy to second
Runner from 2nd tries for 3rd, SAFE, throw by CF made to third
Batting: RHB Wilton Banks 0-0: Foul Ball, location: 2F
0-1: Ball
1-1: Foul Ball, location: 2F
1-2: Strikes out swinging
Batting: RHB Jimmy Chandler 0-0: Ball
1-0: Ball
2-0: Called Strike
2-1: Ground out 4-3 (Groundball, 4, EV 100.0 MPH)
Top of the 2nd over - 0 runs, 2 hits, 0 errors, 2 left on base; Athletic Club KC 0 - Sioux Falls 1
BOTTOM OF THE 2ND
Sioux Falls Red Pandas batting - Pitching for Athletic Club KC Reserves : RHP Bob Sosa
Batting: RHB António Martínez 0-0: Called Strike
0-1: Ball
1-1: DOUBLE (Line Drive, 7LM, EV 104.4 MPH)
Batting: RHB Qi-chao Di 0-0: Ball
1-0: Called Strike
1-1: Ball
2-1: Foul Ball, location: 2F
2-2: Ball
3-2: Strikes out swinging
Batting: RHB Gilberto Rodríguez 0-0: Ball
1-0: Ball
2-0: Swinging Strike
2-1: Foul Ball, location: 2F
2-2: Ball
3-2: Foul Ball, location: 2F
3-2: Strikes out swinging
Batting: SHB Javier Vázquez 0-0: Ground out U3 (Groundball, 3, EV 85.6 MPH)
Bottom of the 2nd over - 0 runs, 1 hit, 0 errors, 1 left on base; Athletic Club KC 0 - Sioux Falls 1
TOP OF THE 3RD
Athletic Club KC Reserves batting - Pitching for Sioux Falls Red Pandas : RHP Danny Bystrom
Batting: LHB Ty Tomblin 0-0: Swinging Strike
0-1: Ground out U3 (Groundball, 3, EV 80.0 MPH)
Batting: RHB Andrés Medina 0-0: Called Strike
0-1: Called Strike
0-2: Ball
1-2: Foul Ball, location: 2F
1-2: Ball
2-2: Foul Ball, location: 2F
2-2: Ball
3-2: Base on Balls
Batting: LHB Scott Janousek 0-0: Ball
Andrés Medina steals 2nd base
1-0: Ball
2-0: Called Strike
2-1: Ball
3-1: Base on Balls
Batting: LHB Jason Ward 0-0: Foul Ball, location: 2F
0-1: Foul Ball, location: 2F
0-2: Foul Ball, location: 2F
0-2: Grounds into double play, 6-4-3 (Groundball, 6M, EV 82.5 MPH)
Top of the 3rd over - 0 runs, 0 hits, 0 errors, 1 left on base; Athletic Club KC 0 - Sioux Falls 1
BOTTOM OF THE 3RD
Sioux Falls Red Pandas batting - Pitching for Athletic Club KC Reserves : RHP Bob Sosa
Batting: LHB Ramón Morterero 0-0: Foul Ball, location: 2F
0-1: Ball
1-1: Called Strike
1-2: Foul Ball, location: 2F
1-2: Ball
2-2: Ball
3-2: Foul Ball, location: 2F
3-2: Foul Ball, location: 2F
3-2: Base on Balls
Batting: RHB Bryant Dixon 0-0: Ball
1-0: Called Strike
1-1: Foul Ball, location: 2F
1-2: Strikes out swinging
Batting: LHB Preston Witt 0-0: Ball
1-0: Foul Ball, location: 2F
1-1: Foul Ball, location: 2F
1-2: Foul Ball, location: 2F
1-2: Foul Ball, location: 2F
1-2: Ball
2-2: Fly out, F4 (Line Drive, 4, EV 70.6 MPH)
Batting: RHB Tsukasa Sekine 0-0: Called Strike
0-1: Ball
1-1: Ball
2-1: Foul Ball, location: 2F
2-2: Ball
Wild Pitch!
Ramón Morterero to second
3-2: Foul Ball, location: 2F
3-2: Foul Ball, location: 2F
3-2: Foul Ball, location: 2F
3-2: Fly out, F9 (Flyball, 89M, EV 94.4 MPH)
Bottom of the 3rd over - 0 runs, 0 hits, 0 errors, 1 left on base; Athletic Club KC 0 - Sioux Falls 1
TOP OF THE 4TH
Athletic Club KC Reserves batting - Pitching for Sioux Falls Red Pandas : RHP Danny Bystrom
Batting: LHB Kwang-chih Feng 0-0: Ball
1-0: Foul Ball, location: 2F
1-1: Ball
2-1: Ball
3-1: Called Strike
3-2: Ground out 4-3 (Groundball, 4S, EV 80.0 MPH)
Batting: RHB Travis Murphy 0-0: Ball
1-0: Ball
2-0: Ball
3-0: Called Strike
3-1: Fly out, F3 (Popup, 3, EV 75.6 MPH)
Batting: RHB Quinn Albracht 0-0: Foul Ball, location: 2F
0-1: Ground out 4-3 (Groundball, 4, EV 82.5 MPH)
Top of the 4th over - 0 runs, 0 hits, 0 errors, 0 left on base; Athletic Club KC 0 - Sioux Falls 1
BOTTOM OF THE 4TH
Sioux Falls Red Pandas batting - Pitching for Athletic Club KC Reserves : RHP Bob Sosa
Batting: LHB António González 0-0: Ball
1-0: Foul Ball, location: 2F
1-1: Ball
2-1: Foul Ball, location: 2F
2-2: Ball
3-2: Foul Ball, location: 2F
3-2: Base on Balls
Batting: RHB António Martínez 0-0: Foul Ball, location: 2F
0-1: Swinging Strike
0-2: Strikes out swinging
Batting: RHB Qi-chao Di 0-0: Ball
1-0: Called Strike
1-1: Ball
2-1: Fly out, F5 (Popup, 25, EV 88.1 MPH)
Batting: RHB Gilberto Rodríguez 0-0: Ball
1-0: Foul Ball, location: 2F
1-1: Foul Ball, location: 2F
1-2: Strikes out swinging
Bottom of the 4th over - 0 runs, 0 hits, 0 errors, 1 left on base; Athletic Club KC 0 - Sioux Falls 1
TOP OF THE 5TH
Athletic Club KC Reserves batting - Pitching for Sioux Falls Red Pandas : RHP Danny Bystrom
Batting: RHB Wilton Banks 0-0: SINGLE (Line Drive, 8RS, EV 88.1 MPH)
Batting: RHB Jimmy Chandler 0-0: Ball
1-0: Sac Bunt to 13 - play at first, batter OUT! 1-4
Wilton Banks to second
Batting: LHB Ty Tomblin 0-0: Ball
1-0: Called Strike
1-1: Foul Ball, location: 2F
1-2: Foul Ball, location: 2F
1-2: Ball
2-2: Ball
Wild Pitch!
Wilton Banks to third
3-2: SINGLE (Groundball, 4MD, EV 100.6 MPH)
Wilton Banks scores
Batting: RHB Andrés Medina 0-0: Grounds into double play, 6-4-3 (Groundball, 6, EV 91.2 MPH)
Top of the 5th over - 1 run, 2 hits, 0 errors, 0 left on base; Athletic Club KC 1 - Sioux Falls 1
BOTTOM OF THE 5TH
Sioux Falls Red Pandas batting - Pitching for Athletic Club KC Reserves : RHP Bob Sosa
Batting: SHB Javier Vázquez 0-0: Called Strike
0-1: Ball
1-1: Foul Ball, location: 2F
1-2: Ball
2-2: Ball
3-2: TRIPLE (Flyball, 89XD, EV 89.4 MPH)
Batting: LHB Ramón Morterero 0-0: Swinging Strike
0-1: Ball
1-1: Ground out U3 (Groundball, 34, EV 111.9 MPH)
Javier Vázquez scores
Batting: RHB Bryant Dixon 0-0: Called Strike
0-1: Fly out, F8 (Flyball, 89M, EV 88.8 MPH)
Batting: LHB Preston Witt 0-0: Foul Ball, location: 2F
0-1: Ball
1-1: Called Strike
1-2: DOUBLE (Flyball, 8LXD, EV 100.6 MPH)
Batting: RHB Tsukasa Sekine 0-0: Called Strike
0-1: Ball
1-1: DOUBLE (Line Drive, 78XD, EV 107.5 MPH)
Preston Witt scores
Pitching: RHP Oliver Vázquez
Batting: LHB António González 0-0: Ball
1-0: Called Strike
1-1: Foul Ball, location: 2F
1-2: Ball
2-2: DOUBLE (Line Drive, 7LM, EV 88.1 MPH)
Tsukasa Sekine scores
Batting: RHB António Martínez 0-0: Called Strike
0-1: Ground out 6-3 (Groundball, 6, EV 106.9 MPH)
Bottom of the 5th over - 3 runs, 4 hits, 0 errors, 1 left on base; Athletic Club KC 1 - Sioux Falls 4
TOP OF THE 6TH
Athletic Club KC Reserves batting - Pitching for Sioux Falls Red Pandas : RHP Danny Bystrom
Batting: LHB Scott Janousek 0-0: Foul Ball, location: 2F
0-1: Called Strike
0-2: Ball
1-2: Fly out, F6 (Popup, 6M, EV 61.9 MPH)
Batting: LHB Jason Ward 0-0: Called Strike
0-1: Called Strike
0-2: Ball
1-2: Ball
2-2: Ball
3-2: Foul Ball, location: 2F
3-2: Base on Balls
Pitching: RHP Javier Mejía
Batting: LHB Kwang-chih Feng Pickoff Throw to First - Out! 1-3
0-0: Foul Ball, location: 2F
0-1: Ball
1-1: Foul Ball, location: 2F
1-2: Ball
2-2: Fly out, F7 (Flyball, 78S, EV 81.9 MPH)
Top of the 6th over - 0 runs, 0 hits, 0 errors, 0 left on base; Athletic Club KC 1 - Sioux Falls 4
BOTTOM OF THE 6TH
Sioux Falls Red Pandas batting - Pitching for Athletic Club KC Reserves : RHP Oliver Vázquez
Batting: RHB Qi-chao Di 0-0: SINGLE (Groundball, 4MD, EV 102.5 MPH)
Batting: RHB Gilberto Rodríguez 0-0: Ball
1-0: Called Strike
1-1: Ball
2-1: Grounds into double play, 1-6-3 (Groundball, 13S, EV 68.1 MPH)
Batting: SHB Javier Vázquez 0-0: Called Strike
0-1: Called Strike
0-2: Ball
1-2: Foul Ball, location: 2F
1-2: Ball
2-2: Ball
3-2: Strikes out looking
Bottom of the 6th over - 0 runs, 1 hit, 0 errors, 0 left on base; Athletic Club KC 1 - Sioux Falls 4
TOP OF THE 7TH
Athletic Club KC Reserves batting - Pitching for Sioux Falls Red Pandas : RHP Javier Mejía
Batting: RHB Travis Murphy 0-0: Called Strike
0-1: Swinging Strike
0-2: Ball
1-2: Ball
2-2: Strikes out swinging
Batting: RHB Quinn Albracht 0-0: Ball
1-0: Swinging Strike
1-1: Ground out 1-3 (Groundball, 13S, EV 69.4 MPH)
Batting: RHB Wilton Banks 0-0: Foul Ball, location: 2F
0-1: Ball
1-1: Called Strike
1-2: Foul Ball, location: 2F
1-2: Ball
2-2: Strikes out swinging
Top of the 7th over - 0 runs, 0 hits, 0 errors, 0 left on base; Athletic Club KC 1 - Sioux Falls 4
BOTTOM OF THE 7TH
Sioux Falls Red Pandas batting - Pitching for Athletic Club KC Reserves : RHP Oliver Vázquez
Batting: LHB Ramón Morterero 0-0: SOLO HOME RUN (Line Drive, 9D, EV 107.5 MPH), Distance : 393 ft
Batting: RHB Bryant Dixon 0-0: Called Strike
0-1: Ground out 6-3 (Groundball, 6, EV 107.5 MPH)
Batting: LHB Preston Witt 0-0: Ball
1-0: Swinging Strike
1-1: Ball
2-1: Ball
3-1: Base on Balls
Batting: RHB Tsukasa Sekine 0-0: Ball
1-0: Foul Ball, location: 2F
1-1: Foul Ball, location: 2F
1-2: Strikes out looking
Batting: LHB António González 0-0: Foul Ball, location: 2F
0-1: Ball
1-1: Ball
2-1: Called Strike
2-2: Foul Ball, location: 2F
2-2: Ball
3-2: Foul Ball, location: 2F
3-2: Foul Ball, location: 2F
3-2: Foul Ball, location: 2F
3-2: Foul Ball, location: 2F
3-2: Base on Balls
Preston Witt to second
Batting: RHB António Martínez 0-0: Ball
1-0: Foul Ball, location: 2F
1-1: Called Strike
1-2: Strikes out looking
Bottom of the 7th over - 1 run, 1 hit, 0 errors, 2 left on base; Athletic Club KC 1 - Sioux Falls 5
TOP OF THE 8TH
Athletic Club KC Reserves batting - Pitching for Sioux Falls Red Pandas : RHP Javier Mejía
Batting: RHB Jimmy Chandler 0-0: Ball
1-0: Called Strike
1-1: Ball
2-1: Swinging Strike
2-2: Strikes out swinging
Batting: LHB Ty Tomblin 0-0: Ground out 6-3 (Groundball, 6, EV 84.4 MPH)
Batting: RHB Andrés Medina 0-0: Ball
1-0: Ball
2-0: Swinging Strike
2-1: DOUBLE (Line Drive, 7LS, EV 114.4 MPH)
Batting: LHB Scott Janousek 0-0: Ball
1-0: SINGLE (Groundball, 6D, EV 99.4 MPH)
Andrés Medina to third
Runner from 3rd tries for Home, SAFE, throw by LF to home
Batting: LHB Jason Ward 0-0: Swinging Strike
0-1: Ball
1-1: Called Strike
1-2: Foul Ball, location: 2F
1-2: DOUBLE (Flyball, 9LD, EV 100.0 MPH)
Scott Janousek to third
Runner from 3rd tries for Home, SAFE, throw by RF to trailing runner, SAFE at third!
Batting: LHB Kwang-chih Feng 0-0: Ball
1-0: Foul Ball, location: 2F
1-1: Called Strike
1-2: Strikes out looking
Top of the 8th over - 2 runs, 3 hits, 0 errors, 1 left on base; Athletic Club KC 3 - Sioux Falls 5
BOTTOM OF THE 8TH
Sioux Falls Red Pandas batting - Pitching for Athletic Club KC Reserves : RHP Oliver Vázquez
Batting: RHB Qi-chao Di 0-0: Called Strike
0-1: Ground out 6-3 (Groundball, 6, EV 81.2 MPH)
Batting: RHB Gilberto Rodríguez 0-0: Ball
1-0: Foul Ball, location: 2F
1-1: SINGLE (Groundball, 6MD, EV 99.4 MPH)
Pitching: RHP Kullervo Hostikka
Batting: SHB Javier Vázquez 0-0: Ball
1-0: Ball
2-0: Ball
3-0: Called Strike
3-1: Foul Ball, location: 2F
3-2: Base on Balls
Gilberto Rodríguez to second
Batting: LHB Ramón Morterero 0-0: Ball
1-0: Foul Ball, location: 2F
1-1: Foul Ball, location: 2F
1-2: Strikes out looking
Batting: RHB Bryant Dixon 0-0: Ball
1-0: Ball
2-0: Ball
3-0: Called Strike
3-1: Foul Ball, location: 2F
3-2: Strikes out swinging
Bottom of the 8th over - 0 runs, 1 hit, 0 errors, 2 left on base; Athletic Club KC 3 - Sioux Falls 5
TOP OF THE 9TH
Athletic Club KC Reserves batting - Pitching for Sioux Falls Red Pandas : RHP Javier Mejía
Pitching: RHP Tony Wolfe
Now at 1B: Félix Romero
Batting: RHB Travis Murphy 0-0: Ball
1-0: Foul Ball, location: 2F
1-1: Ball
2-1: Ball
3-1: Base on Balls
Batting: RHB Quinn Albracht 0-0: Ball
1-0: Foul Ball, location: 2F
1-1: DOUBLE (Line Drive, 9LS, EV 98.1 MPH)
Travis Murphy to third
Pitching: RHP António Alomar
Batting: RHB Wilton Banks 0-0: Ball
1-0: Ball
2-0: Foul Ball, location: 2F
2-1: Ball
3-1: Base on Balls
Pinch Hitting: LHB Onye Mahusay 0-0: Called Strike
0-1: Foul Ball, location: 2F
0-2: Foul Ball, location: 2F
0-2: Foul Ball, location: 2F
0-2: Ball
1-2: Ball
2-2: Ball
3-2: SINGLE (Groundball, 34, EV 102.5 MPH) (infield hit)
Travis Murphy scores
Quinn Albracht to third
Wilton Banks to second
Batting: LHB Ty Tomblin 0-0: SINGLE (Groundball, 4, EV 86.9 MPH) (infield hit)
Quinn Albracht scores
Wilton Banks to third
Onye Mahusay to second
Pitching: LHP Felipe Casanova
Batting: RHB Andrés Medina 0-0: Called Strike
0-1: Foul Ball, location: 2F
0-2: Ball
1-2: Foul Ball, location: 2F
1-2: Foul Ball, location: 2F
1-2: Ball
2-2: Foul Ball, location: 2F
2-2: Foul Ball, location: 2F
2-2: Foul Ball, location: 2F
2-2: Foul Ball, location: 2F
2-2: Foul Ball, location: 2F
2-2: Ball
3-2: Strikes out swinging
Pinch Hitting: RHB António Pérez 0-0: Fly out, F8 (Flyball, 8RM, EV 81.9 MPH)
Runner from 3rd tags up, OUT at HOME! 8-2
Top of the 9th over - 2 runs, 3 hits, 0 errors, 2 left on base; Athletic Club KC 5 - Sioux Falls 5
BOTTOM OF THE 9TH
Sioux Falls Red Pandas batting - Pitching for Athletic Club KC Reserves : RHP Kullervo Hostikka
Now at C: Ted Hansen
Now in RF: António Pérez
Batting: LHB Preston Witt 0-0: Ball
1-0: Ball
2-0: Fly out, F7 (Flyball, 7LS, EV 89.4 MPH)
Batting: RHB Tsukasa Sekine 0-0: Swinging Strike
0-1: Swinging Strike
0-2: Ball
1-2: Ball
2-2: Ball
3-2: Fly out, F4 (Popup, 4MD, EV 63.8 MPH)
Batting: LHB António González 0-0: Called Strike
0-1: Called Strike
0-2: Ball
1-2: Foul Ball, location: 2F
1-2: Ground out U3 (Groundball, 3, EV 103.8 MPH)
Bottom of the 9th over - 0 runs, 0 hits, 0 errors, 0 left on base; Athletic Club KC 5 - Sioux Falls 5
TOP OF THE 10TH
Athletic Club KC Reserves batting - Pitching for Sioux Falls Red Pandas : LHP Felipe Casanova
Pinch Hitting: RHB Pierre Bernard 0-0: Called Strike
0-1: Foul Ball, location: 2F
0-2: Ball
1-2: Fly out, F3 (Flyball, 3D, EV 85.6 MPH)
Pinch Hitting: RHB Gabriel Camparán 0-0: Called Strike
0-1: Ground out 1-3 (Groundball, P, EV 79.4 MPH)
Batting: RHB Travis Murphy 0-0: Reached on error, E5 (Groundball, 56, EV 104.4 MPH)
Batting: RHB Quinn Albracht 0-0: SINGLE (Groundball, 4MD, EV 103.1 MPH)
Travis Murphy to third
Batting: RHB Wilton Banks 0-0: Called Strike
0-1: Ball
1-1: Fly out, F9 (Flyball, 89M, EV 93.8 MPH)
Top of the 10th over - 0 runs, 1 hit, 1 error, 2 left on base; Athletic Club KC 5 - Sioux Falls 5
BOTTOM OF THE 10TH
Sioux Falls Red Pandas batting - Pitching for Athletic Club KC Reserves : RHP Kullervo Hostikka
Pitching: RHP León Marinero
Now at 3B: Gabriel Camparán
Now in LF: Pierre Bernard
Batting: RHB Félix Romero 0-0: Called Strike
0-1: Swinging Strike
0-2: Ball
1-2: Foul Ball, location: 2F
1-2: Ball
2-2: Foul Ball, location: 2F
2-2: Ball
3-2: Base on Balls
Batting: RHB Qi-chao Di 0-0: Foul Ball, location: 2F
0-1: Called Strike
0-2: Foul Ball, location: 2F
0-2: Foul Ball, location: 2F
0-2: Ball
1-2: Strikes out looking
Pinch Hitting: LHB Harumi Takaki 0-0: Ball
1-0: Called Strike
1-1: Swinging Strike
1-2: Fly out, F8 (Flyball, 8RXD, EV 102.5 MPH)
Batting: SHB Javier Vázquez 0-0: Ball
1-0: Ball
2-0: Foul Ball, location: 2F
2-1: Called Strike
2-2: Fielders Choice at 2nd, 5-4 (Groundball, 56, EV 99.4 MPH)
Bottom of the 10th over - 0 runs, 0 hits, 0 errors, 1 left on base; Athletic Club KC 5 - Sioux Falls 5
TOP OF THE 11TH
Athletic Club KC Reserves batting - Pitching for Sioux Falls Red Pandas : LHP Felipe Casanova
Now at C: Dewey Nauss
Batting: RHB Ted Hansen 0-0: Swinging Strike
0-1: Ground out 5-3 (Groundball, 5, EV 90.6 MPH)
Batting: LHB Ty Tomblin 0-0: Called Strike
0-1: Foul Ball, location: 2F
0-2: Ball
1-2: Ball
2-2: Ball
3-2: Ground out U3 (Groundball, 3, EV 108.8 MPH)
Batting: RHB Andrés Medina 0-0: Ball
1-0: Ball
2-0: Foul Ball, location: 2F
2-1: Foul Ball, location: 2F
2-2: Ball
3-2: Base on Balls
Pitching: RHP Jiong Bao
Batting: RHB António Pérez 0-0: Called Strike
0-1: Ball
1-1: Ball
2-1: Called Strike
2-2: Fielders Choice at 2nd, 6-4 (Groundball, 6, EV 100.0 MPH)
Top of the 11th over - 0 runs, 0 hits, 0 errors, 1 left on base; Athletic Club KC 5 - Sioux Falls 5
BOTTOM OF THE 11TH
Sioux Falls Red Pandas batting - Pitching for Athletic Club KC Reserves : RHP León Marinero
Pitching: LHP Ben Walker
Batting: LHB Ramón Morterero 0-0: Called Strike
0-1: Swinging Strike
0-2: Strikes out swinging
Batting: RHB Bryant Dixon 0-0: Ball
1-0: Called Strike
1-1: Ball
2-1: Ball
3-1: Base on Balls
Batting: LHB Preston Witt 0-0: Called Strike
0-1: Ball
1-1: Ball
2-1: Foul Ball, location: 2F
2-2: Foul Ball, location: 2F
2-2: Foul Ball, location: 2F
2-2: Ball
3-2: Fly out, F8 (Flyball, 8LM, EV 96.2 MPH)
Batting: RHB Tsukasa Sekine 0-0: Ground out 4-3 (Groundball, 34S, EV 75.6 MPH)
Bottom of the 11th over - 0 runs, 0 hits, 0 errors, 1 left on base; Athletic Club KC 5 - Sioux Falls 5
TOP OF THE 12TH
Athletic Club KC Reserves batting - Pitching for Sioux Falls Red Pandas : RHP Jiong Bao
Batting: RHB Pierre Bernard 0-0: SINGLE (Line Drive, 89S, EV 94.4 MPH)
Batting: RHB Gabriel Camparán 0-0: Ball
1-0: Called Strike
1-1: Ball
2-1: Ball
3-1: Grounds into double play, 5-4-3 (Groundball, 5, EV 100.6 MPH)
Batting: RHB Travis Murphy 0-0: Ball
1-0: SINGLE (Line Drive, 7LS, EV 108.8 MPH)
Batting: RHB Quinn Albracht 0-0: Called Strike
0-1: Swinging Strike
0-2: Ball
1-2: Foul Ball, location: 2F
1-2: Strikes out swinging
Top of the 12th over - 0 runs, 2 hits, 0 errors, 1 left on base; Athletic Club KC 5 - Sioux Falls 5
BOTTOM OF THE 12TH
Sioux Falls Red Pandas batting - Pitching for Athletic Club KC Reserves : LHP Ben Walker
Batting: LHB António González 0-0: Foul Ball, location: 2F
0-1: Ball
1-1: Ball
2-1: Ball
3-1: Base on Balls
Batting: RHB Félix Romero 0-0: Fly out, F8 (Flyball, 8RXD, EV 92.5 MPH)
Batting: RHB Qi-chao Di 0-0: DOUBLE (Flyball, 78D, EV 95.0 MPH)
António González to third
Runner from 3rd tries for Home, SAFE, no throw by LF
Friday, April 17th, 2020 - OOTP Baseball 20.8 Build 74